 Dungeon Crawl Stone Soup version 0.26.1-11-gd32895ea62 (webtiles) character file.

Game seed: 9067617875651372603

36 Zeld the Twirler (level 3, 0/24 HPs)
             Began as an Octopode Gladiator on May 18, 2021.
             Slain by a jackal (2 damage)
             ... on level 2 of the Dungeon.
             The game lasted 00:01:05 (735 turns).

Zeld the Twirler (Octopode Gladiator)                Turns: 735, Time: 00:01:06

Health: 0/24       AC:  1    Str: 13    XL:     3   Next: 37%
Magic:  3/3        EV: 14    Int: 10    God:
Gold:   91         SH:  0    Dex: 14    Spells: 2/2 levels left

rFire    . . .     SeeInvis .   a - +0 quarterstaff
rCold    . . .     Faith    .   (shield currently unavailable)
rNeg     . . .     Spirit   .   b - +0 hat
rPois    .         Reflect  .   (no amulet)
rElec    .         Harm     .   (no ring)
rCorr    .         Rampage  .   (no ring)
Will     .....                  (no ring)
Stlth    ++........             (no ring)
HPRegen  0.08/turn              (no ring)
MPRegen  0.08/turn              (no ring)
                                (no ring)
                                (no ring)

@: no status effects
A: almost no armour, stealthy swim, amphibious, 8 rings, constrict 8, camouflage
1, gelatinous body 1
a: no special abilities


You were on level 2 of the Dungeon.
You visited 1 branch of the dungeon, and saw 2 of its levels.

You collected 91 gold pieces.

Inventory:

Hand Weapons
 a - a +0 quarterstaff (weapon)
Missiles
 c - 3 throwing nets
 d - 46 poisoned darts (quivered)
Armour
 b - a +0 hat (worn)
Scrolls
 f - a scroll of enchant weapon {unknown}
 h - 4 scrolls of identify {unknown}
 k - a scroll of amnesia {unknown}
 l - a scroll of fear {unknown}
 m - 4 scrolls of remove curse {unknown}
 n - a scroll of enchant armour {unknown}
Potions
 e - 2 potions of haste {unknown}
 g - 2 potions of mutation {unknown}
 i - a potion of attraction {unknown}
 j - a potion of flight {unknown}
 o - 2 potions of curing {unknown}


   Skills:
 - Level 2.0 Fighting
 * Level 3.7 Staves
 * Level 2.9 Throwing
 - Level 3.0 Dodging


You had 2 spell levels left.
You didn't know any spells.
Your spell library was empty.

Dungeon Overview and Level Annotations

Branches:
Dungeon (2/15)

Altars:


Innate Abilities, Weirdness & Mutations

You cannot wear most types of armour.
You are very stealthy in the water. (Stealth+)
You are amphibious.
You can wear up to eight rings at the same time.
You can use your tentacles to constrict eight enemies at once.
Your skin changes colour to match your surroundings (Stealth+).
Your rubbery body absorbs attacks. (AC +1, EV +1)


Message History

The jackal bites you. x2
* * * LOW HITPOINT WARNING * * *
You are too injured to fight recklessly!
You are too injured to fight recklessly!
You hit the jackal. Your grab misses the jackal.
The jackal is heavily wounded.
The jackal closely misses you.
You hit the jackal. Your grab misses the jackal.
The jackal is almost dead.
The jackal bites you.
* * * LOW HITPOINT WARNING * * *
The jackal bites you.
* * * LOW HITPOINT WARNING * * *
Unknown command.
You barely miss the jackal. You grab the jackal.
Your squeeze misses the jackal.
The jackal is almost dead.
You constrict the jackal, but do no damage.
The jackal bites you.
You die...

.......#.#.# #..
......#.#.# #.#.#
#......#.####.#.#
#.............#.#
#.............#.#
#...............#+##
#....hl.#..........#
#....#h##......[...#
#....†.#@######......#
#......#.######......#
.<......+.............####
.#......#.#....##.........
....#..[#.+....+..........
.........##....######.....
......... #....# #..... .
#..(.# ####.. ###### #..


You could see 2 jackals and a frilled lizard.

Vanquished Creatures
  An adder (D:2)
  A leopard gecko (D:2)
  A ball python (D:2)
  A bat (D:2)
  2 giant cockroaches
  A goblin (D:1)
  A hobgoblin (D:1)
  7 jackals
  2 kobolds (D:1)
  A quokka (D:2)
  4 rats
22 creatures vanquished.

Notes
Turn   | Place    | Note
-------+----------+-------------------------------------------
     0 | D:1      | Zeld the Octopode Gladiator began the quest for the Orb.
     0 | D:1      | Reached XP level 1. HP: 14/14 MP: 1/1
   144 | D:1      | Reached XP level 2. HP: 19/19 MP: 2/2
   655 | D:2      | Reached XP level 3. HP: 24/24 MP: 3/3
   735 | D:2      | Slain by a jackal

Illustrated notes

Levels and vault maps discovered:
D:1:      wander_arrival_estate, layout_rooms
D:2:      layout_basic, ashenzari_conservatory_becter

Action                   || total
-------------------------++-------
Melee: Quarterstaff      ||    45
       Constrict         ||    13
       Tentacles         ||     7
 Stab: Distracted        ||     1
Armor: Skin              ||     5
Dodge: Dodged            ||    33
